 Dungeon Crawl Stone Soup version 0.25-a0-353-ged6d54792d (webtiles) character file.

Game seed: 8155609127807415876, levelgen mode: deterministic

2048 mopl the Purveyor of Pain (level 9, -4/111 HPs)
             Began as a Green Draconian Necromancer on Jan 2, 2020.
             Was an Initiate of Kikubaaqudgha.
             Slain by Duvessa
             ... wielding a +6 short sword of venom
              (13 damage)
             ... on level 7 of the Dungeon.
             The game lasted 00:14:37 (5461 turns).

mopl the Purveyor of Pain (DrNe)                    Turns: 5461, Time: 00:14:38

Health: -4/111     AC:  7    Str: 15    XL:     9   Next: 4%
Magic:  0/15       EV: 14    Int: 17    God:    Kikubaaqudgha [......]
Gold:   393        SH:  4    Dex: 14    Spells: 8/16 levels left

rFire    . . .     SeeInvis .   a - +1 spear (venom)
rCold    . . .     Gourm    .   G - +0 buckler (curse)
rNeg     . . .     Faith    .   (armour unavailable)
rPois    +         Spirit   .   (helmet restricted)
rElec    .         Reflect  .   j - scarf {cloud immunity}
rCorr    .         Harm     .   (no gloves)
MR       .....                  (no boots)
Stlth    ..........             (no amulet)
HPRegen  0.28/turn              i - ring of stealth
MPRegen  0.14/turn              (no ring)

@: berserking, lethally poisoned (-4 -> -41), very quick
A: breathe noxious fumes, unfitting armour, poison resistance, cold-blooded, AC
+7
a: Breathe Noxious Fumes, Renounce Religion


You were on level 7 of the Dungeon.
You worshipped Kikubaaqudgha.
Kikubaaqudgha was noncommittal.
You were very hungry.

You visited 2 branches of the dungeon, and saw 8 of its levels.

You collected 393 gold pieces.

Inventory:

Hand Weapons
 a - a +1 spear of venom (weapon)
 v - a +0 broad axe
 x - a +4 flail of pain
Missiles
 c - 76 sling bullets
 e - 149 stones (quivered)
 F - 8 silver javelins
Armour
 j - a scarf of cloud immunity (worn)
 G - a cursed +0 buckler (worn)
Magical Staves
 m - an uncursed staff of wizardry {!a}
 o - an uncursed staff of earth
Jewellery
 i - a ring of stealth (left hand)
Wands
 p - a wand of polymorph (11)
 s - a wand of scattershot (7)
 u - a wand of iceblast (10)
 y - a wand of digging (3)
Scrolls
 d - a scroll of amnesia
 f - 3 scrolls of random uselessness
 g - a scroll of blinking {unknown}
 h - 6 scrolls of remove curse
 k - a scroll of magic mapping {unknown}
 q - 3 scrolls of enchant weapon
 t - a scroll of enchant armour {unknown}
 D - a scroll of noise {unknown}
 E - a scroll of teleportation {unknown}
Potions
 l - 2 potions of curing
 n - a potion of flight
 r - a potion of resistance
 w - a potion of heal wounds
 B - 2 potions of ambrosia {unknown}
 C - a potion of haste
 H - a potion of degeneration {unknown}
Comestibles
 b - 10 rations
 z - 3 chunks of flesh


   Skills:
 + Level 5.1 Fighting
 + Level 5.3 Polearms
 + Level 4.7 Dodging
 - Level 1.7 Stealth
 + Level 1.0 Shields
 - Level 4.0 Spellcasting
 - Level 2.0 Charms
 + Level 7.4 Necromancy


You had 8 spell levels left.
You knew the following spells:

 Your Spells              Type           Power        Failure   Level  Hunger
a - Pain                  Necr           ####         1%          1    None
b - Vampiric Draining     Necr           ####......   3%          3    ###....
r - Regeneration          Chrm/Necr      ###.......   10%         3    ###....
x - Animate Skeleton      Necr           N/A          1%          1    None

Your spell library contained the following spells:

 Spells                   Type           Power        Failure   Level  Hunger
 Animate Dead             Necr           N/A          11%         4    ####...


Dungeon Overview and Level Annotations

Branches:
Dungeon (7/15)             Temple (1/1) D:6

Altars:
Ashenzari
Dithmenos
Elyvilon
Gozag
Kikubaaqudgha
Makhleb
Okawaru
Qazlal
Trog
Uskayaw
Vehumet
Xom
Zin
The Shining One

Shops:
D:7 (

Annotations:
D:7 Duvessa


Innate Abilities, Weirdness & Mutations

You can breathe blasts of noxious fumes.
Your lurid green scales are hard. (AC +7)
You cannot fit into any form of body armour.
Your system is resistant to poisons. (rPois)
You are cold-blooded and may be slowed by cold attacks.


Message History

Duvessa hits you with a +6 short sword of venom!
* * * LOW HITPOINT WARNING * * *
Unknown command.
You hit Duvessa.
Duvessa looks as sick as possible!
Your tail-slap misses Duvessa.
Duvessa is severely wounded.
* * * LOW HITPOINT WARNING * * *
You feel sick.
The orc wizard casts a spell.
The orc wizard blinks!
Duvessa hits you with a +6 short sword of venom.
* * * LOW HITPOINT WARNING * * *
You are more poisoned.
You barely miss Duvessa.
Duvessa is almost dead.
* * * LOW HITPOINT WARNING * * *
You feel very sick.
Duvessa hits you with a +6 short sword of venom!
You die...
Kikubaaqudgha rasps: "You have failed me!
Welcome... death!"

..# ####...........#....##
....####...[.................
..................§...#......
...............##......###....
............####.)....## ..[
............# ##......# ..
............###.[##..## .
..>.........##e†######
.......#...##@†.#
...........#.).##
.....#.∩.##...##
..........#..## .......#.#..##
#..........## ##.........#
###......## ###...##


You could see Duvessa (berserk).

Vanquished Creatures
  Pikel (D:6)
  Sigmund (D:6)
  An orc warrior (D:4)
  A sky beast (D:6)
  3 slaves
  A phantom (D:4)
  An ogre (D:6)
  A centaur (D:6)
  3 bullfrogs
  Dowan (D:7)
  2 water moccasin skeletons
  A scorpion (D:7)
  2 crimson imps (D:5)
  A hound (D:5)
  3 orc priests
  A bullfrog skeleton (D:4)
  An orc wizard (D:4)
  3 iguanas
  2 worker ants
  3 gnolls (D:4)
  6 adders
  A worm (D:3)
  2 dart slugs
  6 leopard geckos
  9 orcs
  A ball python (D:1)
  3 bats
  8 giant cockroaches
  9 goblins
  9 hobgoblins
  3 jackals (D:1)
  7 kobolds
  6 quokkas
  2 frilled lizards (D:1)
  A leopard gecko zombie (D:5)
  A quokka skeleton (D:5)
  9 rats
116 creatures vanquished.

Vanquished Creatures (collateral kills)
  Edmund (D:6)
  A water moccasin skeleton (D:6)
  A howler monkey (D:7)
  A centaur zombie (D:5)
  An orc wizard (D:4)
  A bullfrog skeleton (D:4)
  A gnoll (D:4)
  An adder (D:6)
  An ooze (D:3)
  2 orcs (D:4)
  A quokka (D:4)
12 creatures vanquished.

Grand Total: 128 creatures vanquished

Notes
Turn   | Place    | Note
-------+----------+-------------------------------------------
     0 | D:1      | mopl the Draconian Necromancer began the quest for the Orb.
     0 | D:1      | Reached XP level 1. HP: 14/14 MP: 3/3
    73 | D:1      | Learned a level 1 spell: Animate Skeleton
   438 | D:1      | Reached XP level 2. HP: 19/20 MP: 0/5
  1055 | D:1      | Reached XP level 3. HP: 22/26 MP: 2/7
  1365 | D:2      | Learned a level 3 spell: Vampiric Draining
  1379 | D:2      | Found a glowing golden altar of the Shining One.
  1413 | D:2      | Found an opulent altar of Gozag.
  1438 | D:2      | Found a glowing silver altar of Zin.
  1668 | D:2      | Reached skill level 3 in Spellcasting
  1946 | D:2      | Learned a level 3 spell: Regeneration
  2072 | D:2      | Found a stormy altar of Qazlal.
  2285 | D:3      | Reached XP level 4. HP: 23/33 MP: 8/8
  2451 | D:3      | Found a radiant altar of Vehumet.
  2531 | D:3      | Found a hide-covered altar of Uskayaw.
  2683 | D:3      | Noticed a +0 hand axe
  2685 | D:3      | Noticed a +0 dagger
  2806 | D:4      | Reached skill level 1 in Polearms
  2806 | D:4      | Reached skill level 1 in Charms
  2806 | D:4      | Reached skill level 5 in Necromancy
  2873 | D:4      | Reached XP level 5. HP: 37/38 MP: 8/10
  2980 | D:4      | Reached skill level 2 in Polearms
  2980 | D:4      | Reached XP level 6. HP: 32/45 MP: 11/11
  3092 | D:4      | Noticed an orc warrior
  3097 | D:4      | Reached skill level 2 in Charms
  3244 | D:4      | Reached skill level 4 in Spellcasting
  3322 | D:4      | Killed an orc warrior
  3322 | D:4      | Reached skill level 1 in Fighting
  3322 | D:4      | Reached skill level 2 in Dodging
  3633 | D:4      | Your scales start taking on a lurid green colour.
  3633 | D:4      | Reached XP level 7. HP: 44/53 MP: 9/13
  3633 | D:4      | Gained mutation: Your system is resistant to poisons.
                  | (rPois) [Green Draconian growth]
  3742 | D:5      | Entered Level 5 of the Dungeon
  3893 | D:5      | Reached skill level 3 in Polearms
  3938 | D:5      | Reached skill level 2 in Fighting
  4011 | D:5      | Reached skill level 6 in Necromancy
  4395 | D:6      | Noticed Pikel
  4520 | D:6      | Reached skill level 3 in Dodging
  4549 | D:6      | Noticed Edmund
  4562 | D:6      | Killed Edmund
  4562 | D:6      | Reached skill level 3 in Fighting
  4628 | D:6      | Killed Pikel
  4628 | D:6      | Reached skill level 4 in Polearms
  4628 | D:6      | Reached XP level 8. HP: 53/66 MP: 12/14
  4664 | D:6      | Reached skill level 4 in Fighting
  4739 | D:6      | Reached skill level 4 in Dodging
  4755 | D:6      | Noticed Sigmund
  4768 | D:6      | Killed Sigmund
  4768 | D:6      | Reached skill level 7 in Necromancy
  4933 | D:6      | Found a staircase to the Ecumenical Temple.
  4945 | Temple   | Entered the Ecumenical Temple
  5039 | Temple   | Became a worshipper of Kikubaaqudgha
  5115 | D:6      | Reached skill level 5 in Polearms
  5253 | D:7      | Found a shadowy altar of Dithmenos.
  5370 | D:7      | Found Ruqipysh's Weapon Emporium.
  5431 | D:7      | Noticed Dowan
  5438 | D:7      | Reached skill level 5 in Fighting
  5442 | D:7      | Reached XP level 9. HP: 16/74 MP: 1/15
  5450 | D:7      | Noticed Duvessa
  5451 | D:7      | Killed Dowan
  5451 | D:7      | Reached skill level 1 in Shields
  5461 | D:7      | Slain by Duvessa

Levels and vault maps discovered:
D:1:      dpeg_arrival_pond, layout_loops_corners
D:2:      layout_basic, lemuel_round_altar, nicolae_overflow_hidden_temple,
          lemuel_crystal_altar, serial_curves, eino_curves_04, eino_curves_04,
          eino_curves_01, eino_curves_03, first_ration, tso_metal_star
D:3:      layout_rooms, vehumet_crystals, dancing_weapons_uskayaw
D:4:      layout_cave_pools
D:5:      layout_loops_cross
D:6:      layout_basic, temple_doors_ab, minmay_misc_feat_more_columns,
          uniq_pikel, uniq_sigmund, uniq_edmund
D:7:      layout_cave_pods, old_standard_altar, serial_shops,
          nicolae_shop_stone, nicolae_shop_temple_entry_statues_fountains,
          uniq_prince_ribbit1, uniq_duvessa
Temple:   nicolae_temple_figure_zero

Skill      XL: |  1  2  3  4  5  6  7  8  9 |
---------------+----------------------------+-----
Spellcasting   | 3 4 |  4.0
Polearms       | 1 2 4 5 |  5.3
Charms         | 1 2 |  2.0
Necromancy     | 5 6 7 |  7.4
Fighting       | 1 3 5 |  5.1
Dodging        | 2 3 4 |  4.7
Shields        | 1 |  1.0
Stealth        | |  1.7

Action                   |  1- 3 |  4- 6 |  7- 9 || total
-------------------------+-------+-------+-------++-------
Melee: Unarmed           |    21 |       |       ||    21
       Spear             |     9 |   135 |   275 ||   419
       Tailslap          |     1 |    12 |    23 ||    36
Throw: Stone             |       |     3 |     1 ||     4
 Cast: Pain              |    82 |    10 |       ||    92
       Animate Skeleton  |    15 |     8 |    11 ||    34
       Regeneration      |       |    11 |     8 ||    19
       Vampiric Draining |       |     5 |    13 ||    18
 Abil: Breathe Noxious F |       |       |     3 ||     3
Evoke: Wand              |       |       |     1 ||     1
  Use: Scroll            |     2 |     1 |     7 ||    10
       Potion            |       |       |     2 ||     2
 Stab: Sleeping          |     1 |     5 |     7 ||    13
       Confused          |       |       |     2 ||     2
  Eat: Chunk             |     5 |     5 |     9 ||    19
Armor: Skin              |     8 |    25 |    58 ||    91
Dodge: Dodged            |    23 |    61 |   141 ||   225
Block: Buckler           |       |       |     2 ||     2

Table legend:
 A = Non-vault XP
 B = Vault XP
 C = Vault XP percentage of total XP
 D = Non-vault monster count
 E = Vault monster count
 F = Vault count percentage of total count
                 A         B        C        D         E       F
            +---------+---------+-------+---------+---------+-------
      Total |    2063 |     863 |  29.5 |     121 |       4 |   3.2
            +---------+---------+-------+---------+---------+-------
        D:1 |      47 |       0 |   0.0 |      27 |       0 |   0.0
        D:2 |      45 |       0 |   0.0 |      23 |       0 |   0.0
        D:3 |      67 |       0 |   0.0 |      13 |       0 |   0.0
        D:4 |     634 |       0 |   0.0 |      26 |       0 |   0.0
        D:5 |     319 |       0 |   0.0 |      14 |       0 |   0.0
        D:6 |     579 |     794 |  57.8 |       9 |       3 |  25.0
        D:7 |     372 |      69 |  15.6 |       9 |       1 |  10.0
            +---------+---------+-------+---------+---------+-------
